 Dungeon Sprint DCSS version 0.21.1-1-g345015f (webtiles) character file.

421 rob the Arsonist (level 6, -7/47 HPs)
             Began as a Demigod Fire Elementalist on Mar 24, 2018.
             Mangled by Sonja
             ... wielding a +0 short sword of distortion
              (18 damage)
             ... in the Dungeon (Sprint I: "Red Sonja").
             The game lasted 00:09:57 (1659 turns).

rob the Arsonist (Demigod Fire Elementalist)        Turns: 1659, Time: 00:09:58

Health: -7/47      AC:  4    Str: 13    XL:     6   Next: 35%
Magic:  15/18      EV: 15    Int: 21    God:
Gold:   103        SH:  0    Dex: 16    Spells: 11/16 levels left

rFire    . . .     SeeInvis .   k - +0 dagger
rCold    + . .     Gourm    .   (no shield)
rNeg     . . .     Faith    .   c - +2 robe {rC+}
rPois    .         Spirit   .   (no helmet)
rElec    .         Reflect  .   (no cloak)
rCorr    .         Harm     .   (no gloves)
MR       .....     NoTele   +   (no boots)
Stlth    +++.......             (no amulet)
HPRegen  0.15/turn              (no ring)
MPRegen  0.16/turn              (no ring)

@: lethally poisoned (-7 -> -36), slowed, very slow
A: high mp 1
a: no special abilities


You were in the Dungeon.
You were not hungry.

You visited 1 branch You collected 297 gold pieces.
You spent 194 gold pieces at shops.

Inventory:

Hand Weapons
 k - a +0 dagger (weapon)
 m - a +2 vampiric scythe
Armour
 a - a +0 robe
 c - a +2 robe of cold resistance (worn)
 l - a +0 leather armour
Wands
 j - a wand of random effects (24)
Scrolls
 i - a scroll of blinking
Potions
 d - a potion of curing
 e - 2 potions of heal wounds
 f - a potion of haste
 g - a potion of magic
 h - a potion of berserk rage
Books
 b - a book of Flames

   Spells                             Type                      Level
   a - Flame Tongue                   Conjuration/Fire             1
   b - Throw Flame                    Conjuration/Fire             2
   c - Conjure Flame                  Conjuration/Fire             3
   d - Inner Flame                    Hexes/Fire                   3
   e - Sticky Flame                   Conjuration/Fire             4
   f - Fireball                       Conjuration/Fire             5


   Skills:
 + Level 1.0 Fighting
 + Level 2.2 Armour
 + Level 4.8 Dodging
 + Level 4.3 Stealth
 + Level 5.9 Spellcasting
 + Level 3.5 Conjurations
 + Level 9.2 Fire Magic
 + Level 0.1 Evocations


You had 11 spell levels left.
You knew the following spells:

 Your Spells              Type           Power        Failure   Level  Hunger
a - Flame Tongue          Conj/Fire      ####.        1%          1    None
b - Sticky Flame          Conj/Fire      ####....     7%          4    ####...


Dungeon Overview and Level Annotations

Branches:
Dungeon (1/1)

Shops:
D [

Annotations:
D Sonja


Innate Abilities, Weirdness & Mutations

You have an increased reservoir of magic. (+10% MP)


Message History

Sonja shoots a curare-tipped needle.
The curare-tipped needle barely misses you.
Sonja shoots a curare-tipped needle.
The curare-tipped needle barely misses you.
Casting: Flame Tongue
Confirm with . or Enter, or press ? or * to list all spells.
Aiming: Flame Tongue
Press: ? - help, Shift-Dir - straight line, f/p - Sonja
Aim: Sonja, wielding a blowgun (heavily wounded)
The flame tongue misses Sonja.
You feel very sick.
Sonja says, "Someone hired me to kill you, but I'm not supposed to say who."
Sonja mumbles some strange words.
Sonja blinks!
Sonja unwields an uncursed blowgun.
Sonja wields an uncursed short sword of distortion.
Its appearance distorts for a moment.
Sonja hits you with an uncursed short sword of distortion.
* * * LOW HITPOINT WARNING * * *
Space warps horribly around you!
You die...

################
#<.#..)..#..'..#
#..'..#..'[.#..+
#..#####'#####'#
#..####..#...#(#
#..#__####..##.#
#..#_____##'#_.+
#⌠⌠#_.∩...'.(K_#
####_..__##_@#+#
#_____###'#
####### #.# $.$
$§$ ##.## #+#


You could see Sonja.

Vanquished Creatures
  Sigmund (D)
  A yak (D)
  An ogre (D)
  A jelly (D)
  Ijyb (D)
5 creatures vanquished.

Vanquished Creatures (others)
  A gargoyle (D)
1 creature vanquished.

Grand Total: 6 creatures vanquished

Notes
Turn   | Place    | Note
-------+----------+-------------------------------------------
     0 | D        | rob the Demigod Fire Elementalist began the quest for the Orb.
     0 | D        | Reached XP level 1. HP: 14/14 MP: 5/5
     2 | D        | Noticed Ijyb
    13 | D        | Killed Ijyb
    13 | D        | Reached skill level 1 in Conjurations
    13 | D        | Reached skill level 4 in Fire Magic
    13 | D        | Reached XP level 2. HP: 5/20 MP: 4/8
   280 | D        | Noticed an ogre
   286 | D        | Killed an ogre
   286 | D        | Reached skill level 6 in Fire Magic
   286 | D        | Reached XP level 3. HP: 26/26 MP: 3/11
   286 | D        | Reached XP level 4. HP: 33/33 MP: 3/13
   564 | D        | Learned a level 4 spell: Sticky Flame
   660 | D        | Killed a gargoyle
   679 | D        | Noticed Sigmund
   684 | D        | Killed Sigmund
   684 | D        | Reached skill level 1 in Armour
   684 | D        | Reached skill level 5 in Spellcasting
   684 | D        | Reached skill level 8 in Fire Magic
   684 | D        | Reached XP level 5. HP: 26/39 MP: 6/15
  1001 | D        | Found an ornate altar of the Wu Jian Council.
  1001 | D        | Found a deep blue altar of Sif Muna.
  1003 | D        | Found a radiant altar of Vehumet.
  1239 | D        | Found Byxomyrph's Armour Emporium.
  1239 | D        | Found an ancient bone altar of Kikubaaqudgha.
  1239 | D        | Found a hazy altar of Hepliaklqana.
  1239 | D        | Found a stormy altar of Qazlal.
  1239 | D        | Found a hide-covered altar of Uskayaw.
  1239 | D        | Found a blossoming altar of Fedhas.
  1239 | D        | Found a bloodstained altar of Trog.
  1239 | D        | Found an iron altar of Okawaru.
  1239 | D        | Found a basalt altar of Yredelemnul.
  1239 | D        | Found a glowing golden altar of the Shining One.
  1239 | D        | Found a snail-covered altar of Cheibriados.
  1239 | D        | Found a sacrificial altar of Ru.
  1239 | D        | Found a glowing silver altar of Zin.
  1239 | D        | Found a shadowy altar of Dithmenos.
  1239 | D        | Found a white marble altar of Elyvilon.
  1239 | D        | Noticed a yak
  1246 | D        | Killed a yak
  1246 | D        | Reached skill level 1 in Fighting
  1246 | D        | Reached skill level 9 in Fire Magic
  1246 | D        | Reached XP level 6. HP: 18/47 MP: 0/18
  1247 | D        | Found an opulent altar of Gozag.
  1615 | D        | Found a sparkling altar of Nemelex Xobeh.
  1635 | D        | Bought a +2 robe of cold resistance for 194 gold pieces
  1654 | D        | Noticed Sonja
  1659 | D        | Mangled by Sonja

Skill      XL: |  1  2  3  4  5 |
---------------+----------------+-----
Dodging        | 2 3 4 |  4.8
Stealth        | 2 3 4 |  4.3
Spellcasting   | 2 4 5 |  5.9
Conjurations   | 1 2 3 |  3.5
Fire Magic     | 4 6 8 9 |  9.2
Armour         | 1 2 |  2.2
Fighting       | 1 |  1.0
Evocations     | |  0.1

Action                   |  1- 3 |  4- 6 || total
-------------------------+-------+-------++-------
Melee: Unarmed           |     3 |       ||     3
       Dagger            |       |     3 ||     3
 Cast: Flame Tongue      |    11 |    10 ||    21
       Sticky Flame      |       |     6 ||     6
Evoke: Wand              |     1 |       ||     1
  Use: Potion            |     1 |     1 ||     2
  Eat: Ration            |       |     1 ||     1
Dodge: Dodged            |     5 |     8 ||    13
